 Dungeon Sprint DCSS version 0.28.0-45-g0d030f2227 (webtiles) character file.

Game seed: 11639447757517956870

51 McKennaii the Covered (level 3, -7/34 HPs)
             Began as a Demigod Fighter on Apr 18, 2022.
             Mangled by a two-headed ogre
             ... wielding a +0 giant spiked club
              (11 damage)
             ... in the Dungeon (Sprint IX: "|||||||||||||||||||||||||||||").
             The game lasted 00:01:20 (347 turns).

McKennaii the Covered (Demigod Fighter)              Turns: 347, Time: 00:01:20

Health: -7/34      AC: 21    Str: 21    XL:     3   Next: 36%
Magic:  5/5        EV:  9    Int: 10    God:
Gold:   0          SH:  0    Dex: 16    Spells: 2/2 levels left

rFire   . . .      SeeInvis .   m - +2 halberd (protect)
rCold   . . .      Faith    .   (shield currently unavailable)
rNeg    . . .      Spirit   .   p - +0 plate armour
rPois   .          Reflect  .   (no helmet)
rElec   .          Harm     .   n - +0 cloak
rCorr   .          Rampage  .   o - +0 pair of gloves
Will    .....      NoTele   +   (no boots)
Stlth   ..........              (no amulet)
HPRegen 0.11/turn               q - +2 ring of evasion
MPRegen 0.09/turn               b - +3 ring of dexterity

@: under a protective aura
A: high MP 1, forlorn, divine attributes
a: no special abilities


You were in the Dungeon.
You visited 1 branch

Inventory:

Hand Weapons
 a - a +0 trident
 m - a +2 halberd of protection (weapon)
Armour
 c - a +0 buckler
 n - a +0 cloak (worn)
 o - a +0 pair of gloves (worn)
 p - a +0 plate armour (worn)
Jewellery
 b - a +3 ring of dexterity (right hand)
 q - a +2 ring of evasion (left hand)
Wands
 l - a wand of acid (10)
Scrolls
 j - 2 scrolls of blinking
 k - 2 scrolls of amnesia
Potions
 d - a potion of invisibility
 e - 5 potions of curing
 f - 3 potions of heal wounds
 g - a potion of haste
 h - 4 potions of magic
 i - a potion of berserk rage


   Skills:
 + Level 4.5 Fighting
 + Level 3.5 Polearms
 + Level 4.6 Armour
 + Level 1.7 Dodging
 + Level 0.2 Stealth
 - Level 2.6 Shields


You had 2 spell levels left.
You didn't know any spells.
Your spell library was empty.

Dungeon Overview and Level Annotations

Branches:
Dungeon (1/1)


Innate Abilities, Weirdness & Mutations

You have an increased reservoir of magic. (+10% MP)
You shall have no god before yourself.
Your divine heritage dramatically boosts your attributes as you level up.


Message History

Unknown command.
Unknown command.
You closely miss the two-headed ogre.
Unknown command.
You slash the two-headed ogre!
The two-headed ogre is moderately wounded.
The two-headed ogre completely misses you.
The two-headed ogre barely misses you.
Unknown command.
You completely miss the two-headed ogre.
The two-headed ogre is moderately wounded.
The two-headed ogre closely misses you.
The two-headed ogre hits you but does no damage.
Unknown command.
You barely miss the two-headed ogre.
The two-headed ogre is moderately wounded.
The two-headed ogre hits you but does no damage. x2
Unknown command.
You hit the two-headed ogre.
Your weapon exudes an aura of protection.
The two-headed ogre is moderately wounded.
The two-headed ogre hits you with a +0 giant spiked club.
The two-headed ogre hits you but does no damage.
The orc warrior jeers repeatedly.
Unknown command.
You hit the two-headed ogre but do no damage.
The two-headed ogre is moderately wounded.
The two-headed ogre hits you but does no damage. x2
Unknown command.
You hit the two-headed ogre.
The two-headed ogre is moderately wounded.
The two-headed ogre barely misses you.
The two-headed ogre hits you with a +0 giant club.
The two-headed ogre hits you with a +0 giant spiked club!
The two-headed ogre hits you with a +0 giant club!
* * * LOW HITPOINT WARNING * * *
You puncture the two-headed ogre!
The two-headed ogre is heavily wounded.
The two-headed ogre hits you with a +0 giant spiked club!
You die...

▓.▓
▓.▓
▓)▓
▓.▓
▓.▓
▓.▓
▓[▓
▓.▓
▓@▓
▓O▓
▓y▓
▓c▓
▓9▓
▓o▓
▓z▓
▓.▓


You could see a two-headed ogre, an orc warrior, a gargoyle, a centaur, a killer
bee and a wight.

Vanquished Creatures
  An iguana (D)
  An adder (D)
  A shadow imp (D)
  An orc (D)
  A bat (D)
  An endoplasm (D)
  A hobgoblin (D)
  A giant cockroach zombie (D)
  2 goblins (D)
10 creatures vanquished.

Notes
Turn   | Place    | Note
-------+----------+-------------------------------------------
     0 | D        | McKennaii the Demigod Fighter began the quest for the Orb.
     0 | D        | Reached XP level 1. HP: 18/18 MP: 3/3
     0 | D        | Banished a spatial maelstrom
     9 | D        | Banished a spatial maelstrom
   169 | D        | Noticed an iguana
   171 | D        | Reached skill level 1 in Dodging
   171 | D        | Reached XP level 2. HP: 27/27 MP: 4/4
   184 | D        | Reached XP level 3. HP: 17/34 MP: 5/5
   338 | D        | Noticed a two-headed ogre
   338 | D        | Noticed a centaur
   338 | D        | Noticed a gargoyle
   338 | D        | Noticed an orc warrior
   347 | D        | Mangled by a two-headed ogre

Illustrated notes

Levels and vault maps discovered:
D:        linesprint [early_d, line_temple, items_1, d_10, items_2, lair_1,
          lair_end, items_3, orc_1, orc_end, items_4, d_15, swamp_1, shoals_1,
          snake_1, spider_1, d_20, vaults_1, items_5, swamp_end, shoals_end,
          snake_end, spider_end, vaults_end, d_27, items_6, zot_1, zot_end,
          crypt_end, forest_end, elf_end, slime_end, tomb_end, abyss_end,
          pan_hell_end]

Skill      XL: |  1  2 |
---------------+-------+-----
Fighting       | 3 4 |  4.5
Armour         | 3 4 |  4.6
Polearms       | 2 3 |  3.5
Dodging        | 1 |  1.7
Stealth        | |  0.2
Shields        | |  2.6

Action                   || total
-------------------------++-------
Melee: Trident           ||    31
       Halberd           ||     9
  Use: Potion            ||     1
Armor: Scale mail        ||    11
       Plate armour      ||     7
Dodge: Dodged            ||    16
Block: Buckler           ||     4
